 Dungeon Crawl Stone Soup version 0.29.1-12-g30fa7ad0bf (webtiles) character file.

Game seed: 6108723300413343895

67 Obadiah the Trooper (level 4, -1/35 HPs)
             Began as a Human Fighter on Dec 24, 2022.
             Slain by Blork the orc
             ... wielding a +0 trident
              (10 damage)
             ... on level 4 of the Dungeon.
             The game lasted 00:03:52 (855 turns).

Obadiah the Trooper (Human Fighter)                  Turns: 855, Time: 00:03:52

Health: -1/35      AC:  6    Str: 16    XL:     4   Next: 40%
Magic:  4/4        EV:  9    Int: 11    God:
Gold:   59         SH:  4    Dex: 12    Spells: 3/3 levels left

rFire   . . .      SeeInvis .   e - +1 spear (venom)
rCold   . . .      Faith    .   c - +0 buckler
rNeg    . . .      Spirit   .   b - +0 scale mail
rPois   .          Reflect  .   (no helmet)
rElec   .          Harm     .   (no cloak)
rCorr   .          Rampage  .   (no gloves)
Will    .....                   (no boots)
Stlth   ..........              (no amulet)
HPRegen 0.11/turn               (no ring)
MPRegen 0.09/turn               (no ring)

@: mighty, hasted, very quick
A: no striking features
a: no special abilities


You were on level 4 of the Dungeon.
You visited 1 branch of the dungeon, and saw 4 of its levels.

You collected 59 gold pieces.

Inventory:

Hand Weapons
 a - a +0 long sword
 e - a +1 spear of venom (weapon)
Armour
 b - a +0 scale mail (worn)
 c - a +0 buckler (worn)
Scrolls
 h - a scroll of teleportation
Potions
 f - a potion of haste


   Skills:
 * Level 3.5 Fighting
 * Level 2.2 Long Blades
 * Level 1.0 Polearms
 * Level 3.4 Armour
 * Level 0.7 Dodging
 * Level 1.0 Stealth
 * Level 3.4 Shields


You had 3 spell levels left.
You didn't know any spells.
Your spell library was empty.

Dungeon Overview and Level Annotations

Branches:
Dungeon (4/15)
 Temple: D:4-7

Altars:

Annotations:
D:3 2 transporters, hawla's ghost, weakling MeAE
D:4 Blork the orc


Message History

The hound barely misses you. x2
The hound attacks as you move away! You block the hound's attack.
Blork the orc screams, "I'll break your legs!"
The hound barely misses you. Blork the orc barely misses you.
The hound bites you. The hound attacks as you move away! The hound bites you.
Blork the orc gestures wildly while chanting.
Blork the orc seems to speed up.
You block the hound's attack.
You kill the hound!
Blork the orc looks braver for a moment.
Your Polearms skill increases to level 1!
Your Stealth skill increases to level 1!
You have reached level 4!
You feel clever.
It was a potion of haste.
You feel yourself speed up.
You feel very mighty all of a sudden.
Blork the orc hits you from afar with a +0 trident.
It was a potion of curing.
You feel better.
Blork the orc looks satisfied for a moment.
Blork the orc hits you with a +0 trident.
You hit Blork the orc.
Blork the orc is moderately wounded.
Blork the orc casts a spell at you. The puff of frost misses you.
You hit Blork the orc.
Blork the orc is poisoned.
Blork the orc is moderately wounded.
Blork the orc barely misses you.
You barely miss Blork the orc.
Blork the orc is moderately wounded.
Blork the orc casts a spell at you. The magic dart hits you.
You hit Blork the orc.
Blork the orc is heavily wounded.
Blork the orc screams, "I'm going to kill you!"
Blork the orc hits you with a +0 trident!
* * * LOW HITPOINT WARNING * * *
You barely miss Blork the orc.
Blork the orc is heavily wounded.
Blork the orc hits you with a +0 trident!
You die...

... # ### #.# ## ##.##
#######.#
.###...##########........
..'..⌠..'..........# #.#
.###...##.†...†....####.###.#
## ##.####..........#..[....#
# ### #..........###.#
#......@o.†....#
#.........###..# #.........#
#..# .........### #..#
.........# #..# .........#
#... #..######## #..## #.
.... ....


You could see Blork the orc (fast, poisoned).

Vanquished Creatures
  A hound (D:4)
  An adder (D:3)
  A worm (D:4)
  An endoplasm (D:3)
  2 giant cockroaches
  2 goblins
  2 hobgoblins (D:4)
  4 jackals (D:3)
  5 kobolds
  2 quokkas
  A bat (D:1)
  3 frilled lizards (D:3)
  A rat (D:1)
26 creatures vanquished.

Notes
Turn   | Place    | Note
-------+----------+-------------------------------------------
     0 | D:1      | Obadiah the Human Fighter began the quest for the Orb.
     0 | D:1      | Reached XP level 1. HP: 18/18 MP: 1/1
   123 | D:1      | Found a faded altar of an unknown god.
   267 | D:1      | Reached XP level 2. HP: 24/24 MP: 2/2
   454 | D:3      | Noticed hawla's ghost (weakling MeAE)
   455 | D:3      | Noticed an ogre
   455 | D:3      | Noticed an ogre
   457 | D:3      | Noticed an ogre
   458 | D:3      | Found a transporter.
   468 | D:3      | Found a transporter.
   531 | D:3      | Reached XP level 3. HP: 29/29 MP: 3/3
   566 | D:4      | Noticed an ogre
   834 | D:4      | Noticed Blork the orc
   845 | D:4      | Reached skill level 1 in Polearms
   845 | D:4      | Reached skill level 1 in Stealth
   845 | D:4      | Reached XP level 4. HP: 22/35 MP: 4/4
   855 | D:4      | Slain by Blork the orc

Illustrated notes

Levels and vault maps discovered:
D:1:      psy_arrival_statuary, layout_basic,
          hellmonk_ecumenical_altar_heavens_door
D:2:      layout_loops_ring, grunt_decor_mini_mirrors, uniq_sigmund
D:3:      layout_loops_ring, gammafunk_ghost_smash
D:4:      layout_basic, nicolae_stop_n_shop_1, nicolae_hexahallways,
          st_stairs_10, uniq_blork_the_orc

Skill      XL: |  1  2  3 |
---------------+----------+-----
Polearms       | 1 |  1.0
Stealth        | 1 |  1.0
Fighting       | |  3.5
Long Blades    | |  2.2
Armour         | |  3.4
Dodging        | |  0.7
Shields        | |  3.4

Action                   |  1- 3 |  4- 6 || total
-------------------------+-------+-------++-------
Melee: Spear             |    54 |     5 ||    59
  Use: Scroll            |     1 |       ||     1
       Potion            |       |     3 ||     3
Armor: Scale mail        |    22 |       ||    22
Dodge: Dodged            |    40 |     2 ||    42
Block: Buckler           |    15 |       ||    15
